Map: Tours du crépuscule

Players

zorikar

  • Race: Zerg Zerg

pupu - Winner!

  • Race: Protoss Protoss
  • League: Silver

VOD

Have the link to the VOD?

Description

Time

  • Played on: April 3, 2016, 5:33 a.m.
  • Length: 9:30
Show
View Real Time Build Order
Export as new Build Order

zorikar Zerg 

Build Orders: Pool First 

Get SALT Encoding   

  12  0:16  Drone x2  
  12  0:19  Overlord  
  14  0:36  Spawning Pool  
  14  0:40  Drone  
  15  0:42  Drone  
  15  0:57  Extractor  
  15  0:58  Drone  
  15  1:00  Extractor  
  14  1:06  Drone  
  15  1:28  Hatchery  
  14  2:18  Drone x3  
  14  2:20  Queen  
  19  2:33  Drone  
  19  2:46  Evolution Chamber  
  19  2:51  Hatchery  
  17  3:08  Hatchery  
  17  3:09  Queen  
  18  3:21  Drone  
  18  3:22  Drone  
  20  3:36  Drone  
  20  3:37  Drone  
  20  3:38  Drone  
  23  3:45  Drone  
  23  3:46  Drone  
  25  3:50  Drone  
  26  3:57  Zergling x4  
  28  4:07  Overlord x2  
  28  4:17  Zerg Melee Weapons Level 1  
  28  4:19  Metabolic Boost  
  28  4:22  Zergling x2  
  29  4:47  Roach Warren  
  28  5:10  Queen  
  30  5:14  Extractor  
  30  5:18  Extractor  
  28  5:28  Spore Crawler  
  26  5:31  Spore Crawler  
  22  5:40  Spore Crawler  
  13  5:50  Queen  
  15  5:57  Drone  
  15  5:58  Drone x5  
  21  6:12  Zerg Ground Armor Level 1  
  21  6:21  Drone  
  21  6:23  Drone  
  20  6:40  Lair  
  20  6:49  Drone  
  20  6:50  Drone  
  22  7:09  Roach  
  22  7:10  Roach x2  
  22  7:15  Drone  
  29  7:18  Drone  
  29  7:21  Drone  
  31  7:51  Spire  
  30  7:53  Drone x4  
  30  7:54  Drone  
  35  8:00  Drone  
  35  8:01  Drone  
  37  8:09  Drone x2  
  37  8:11  Drone  
  40  8:13  Drone  
  40  8:16  Drone  
  36  8:29  Roach x4  
  40  8:45  Roach x4  
  40  8:46  Roach  
  43  9:05  Mutalisk  
Show
View Real Time Build Order
Export as new Build Order

pupu Protoss - Winner!

Build Orders: Oracle Opening 

Get SALT Encoding   

  12  0:01  Probe (Chrono Boost)  
  13  0:11  Probe (Chrono Boost)  
  14  0:19  Pylon  
  14  0:23  Probe (Chrono Boost)  
  15  0:37  Probe (Chrono Boost)  
  15  0:40  Gateway  
  16  0:48  Probe (Chrono Boost)  
  17  0:50  Assimilator  
  17  0:59  Probe (Chrono Boost)  
  18  1:09  Probe (Chrono Boost)  
  19  1:20  Probe (Chrono Boost)  
  20  1:30  Cybernetics Core, Probe (Chrono Boost)  
  21  1:35  Zealot  
  21  1:36  Pylon  
  24  1:54  Probe (Chrono Boost)  
  24  1:56  Assimilator  
  24  2:04  Probe (Chrono Boost)  
  24  2:06  Warp Gate (Chrono Boost)  
  25  2:09  Adept  
  27  2:25  Probe  
  28  2:35  Stargate  
  28  2:43  Gateway, Adept  
  30  2:45  Gateway  
  30  2:47  Probe  
  31  3:00  Nexus  
  31  3:10  Pylon  
  31  3:14  Pylon  
  31  3:27  Oracle (Chrono Boost)  
  31  3:28  Probe, Sentry  
  37  3:40  Probe  
  38  3:52  Probe  
  37  4:48  Probe  
  37  4:49  Probe  
  37  5:11  Gateway  
  37  5:13  Gateway  
  37  5:15  Void Ray (Chrono Boost), Gateway  
  37  5:17  Zealot x2  
  37  5:18  Gateway  
  37  5:19  Adept  
  47  5:28  Probe  
  47  5:29  Probe  
  49  5:38  Probe  
  49  5:41  Probe  
  51  5:49  Probe  
  51  5:53  Probe  
  53  5:59  Probe, Pylon  
  53  6:00  Pylon  
  53  6:02  Void Ray (Chrono Boost)  
  53  6:03  Pylon  
  58  6:05  Probe  
  58  6:07  Adept  
  61  6:16  Forge x2  
  61  6:19  Pylon  
  61  6:22  Probe, Pylon  
  61  6:24  Probe  
  63  6:27  Pylon  
  63  6:29  Pylon  
  63  6:30  Assimilator  
  63  6:32  Mothership Core  
  63  6:35  Pylon  
  63  6:36  Probe, Adept x2  
  63  6:39  Sentry x2  
  74  6:40  Sentry  
  76  6:48  Probe  
  76  6:51  Adept  
  76  6:52  Adept  
  81  7:16  Adept x6  
  81  7:17  Adept  
  99  7:22  Void Ray (Chrono Boost)  
  99  7:23  Probe  
  99  7:24  Probe  
  101  7:35  Probe  
  101  7:36  Probe  
  103  7:58  Nexus  
  103  8:01  Pylon  
  103  8:03  Pylon, Adept x3  
  109  8:37  Adept x5  
  109  8:38  Adept x2  
Tags
 
Add a new tag
Caveats
  • Supply blocks, unpowered buildings, or Contaminate may cause inaccurate times.
  • Supply counts are checked every 10 seconds.